 Dungeon Crawl Stone Soup version 0.26-a0-466-g989023bd0d (webtiles) character file.

Game seed: 1736238788232888316

56 Vruhak the Shield-Bearer (level 3, -4/24 HPs)
             Began as a Gargoyle Fighter on Aug 3, 2020.
             Was an Initiate of Makhleb.
             Killed from afar by an orc wizard (5 damage)
             ... with a puff of flame
             ... on level 3 of the Dungeon.
             The game lasted 00:01:24 (1482 turns).

Vruhak the Shield-Bearer (Gargoyle Fighter)         Turns: 1482, Time: 00:01:25

Health: -4/24      AC: 14    Str: 20    XL:     3   Next: 95%
Magic:  3/3        EV:  3    Int:  8    God:    Makhleb [......]
Gold:   64         SH:  9    Dex:  9    Spells: 2/2 levels left

rFire    . . .     SeeInvis .   a - +0 flail
rCold    . . .     Faith    .   c - +0 kite shield
rNeg     + . .     Spirit   .   p - +0 plate armour (curse)
rPois    ∞         Reflect  .   (no helmet)
rElec    +         Harm     .   (no cloak)
rCorr    .                      (no gloves)
MR       .....                  (no boots)
Stlth    ..........             (no amulet)
HPRegen  0.08/turn              (no ring)
MPRegen  0.08/turn              (no ring)

@: no status effects
A: negative energy resistance 1, electricity resistance, unbreathing,
petrification resistance, rot immunity, AC +3
a: Renounce Religion


You were on level 3 of the Dungeon.
You worshipped Makhleb.
Makhleb was noncommittal.
You visited 1 branch of the dungeon, and saw 3 of its levels.

You collected 64 gold pieces.

Inventory:

Hand Weapons
 a - a +0 flail (weapon)
Armour
 b - a +0 scale mail
 c - a +0 kite shield (worn)
 p - a cursed +0 plate armour (worn)
Jewellery
 h - an uncursed ring of protection from magic {unknown}
Scrolls
 e - 3 scrolls of remove curse {unknown}
 g - 4 scrolls of magic mapping {unknown}
 m - a scroll of enchant armour {unknown}
 n - 2 scrolls of identify {unknown}
 o - a scroll of amnesia {unknown}
Potions
 d - a potion of might
 f - a potion of flight {unknown}
 i - a potion of berserk rage {unknown}
 j - a potion of haste {unknown}
 k - a potion of mutation {unknown}
 l - a potion of lignification {unknown}


   Skills:
 + Level 3.8 Fighting
 + Level 2.6 Maces & Flails
 + Level 3.8 Armour
 + Level 3.8 Shields
 + Level 0.0 Invocations


You had 2 spell levels left.
You didn't know any spells.
Your spell library was empty.

Dungeon Overview and Level Annotations

Branches:
Dungeon (3/15)

Altars:
Makhleb
Wu Jian
The Shining One


Innate Abilities, Weirdness & Mutations

You are resistant to torment.
Your stone body is resilient. (AC +3)
You are immune to poison.
You resist negative energy. (rN+)
You are resistant to electric shocks. (rElec)
You can survive without breathing.
You are immune to petrification.
You are immune to rotting.


Message History

An orc comes into view. It is wielding a +0 flail.
Your shield and plate armour prevent you from hitting the orc wizard.
The orc wizard casts a spell at you.
The puff of flame hits you but does no damage.
An adder comes into view.
You sock the orc wizard!
The orc wizard is heavily wounded.
The orc wizard gestures at you while chanting.
The puff of flame hits you!
* * * LOW HITPOINT WARNING * * *
You hit the orc wizard.
The orc wizard is almost dead.
The orc wizard hits you but does no damage.
The orc wizard hits you with a +0 dagger.
* * * LOW HITPOINT WARNING * * *
You completely miss the orc wizard.
The orc wizard is almost dead.
The orc wizard points at you and mumbles some strange words.
The puff of flame hits you.
You die...

......#.... .#
......#.##. ....
........##. #..#
#####.#.##. #..#
#.#.##. ..#######.#.##.
............##.
#S#####.#######...# .
#ooo@......####...#
#######.##...<....#
#.##.####...# .
##.##.####...#..
########...............
+....>....##+####(..###
########.............##
#..†............
#.............##


You could see an orc priest, an orc wizard, an adder and an orc.

Vanquished Creatures
  3 adders
  2 giant cockroaches
  3 goblins
  2 hobgoblins (D:1)
  5 kobolds
  2 quokkas (D:2)
  6 bats
  3 frilled lizards
  6 rats
32 creatures vanquished.

Notes
Turn   | Place    | Note
-------+----------+-------------------------------------------
     0 | D:1      | Vruhak the Gargoyle Fighter began the quest for the Orb.
     0 | D:1      | Reached XP level 1. HP: 14/14 MP: 1/1
   206 | D:1      | Reached XP level 2. HP: 19/19 MP: 2/2
   813 | D:2      | Reached XP level 3. HP: 14/23 MP: 3/3
  1409 | D:3      | Found a burning altar of Makhleb.
  1411 | D:3      | Found an ornate altar of the Wu Jian Council.
  1412 | D:3      | Found a glowing golden altar of the Shining One.
  1434 | D:3      | Became a worshipper of Makhleb the Destroyer
  1481 | D:3      | HP: 1/24 [orc wizard/+0 dagger (1)]
  1482 | D:3      | Killed from afar by an orc wizard

Illustrated notes

Levels and vault maps discovered:
D:1:      dpeg_arrival_long_road, layout_loops_ring
D:2:      layout_basic
D:3:      layout_basic, grunt_temple_overflow_open, okawaru_altar_gauntlet_db

Action                   || total
-------------------------++-------
Melee: Flail             ||   125
Armor: Scale mail        ||    81
       Plate armour      ||    11
Dodge: Dodged            ||    51
Block: Kite shield       ||    80

Table legend: (Time is in decaauts)
 A = Elapsed time spent in this place.
 B = Non-inter-level travel time spent in this place.
 C = Inter-level travel time spent in this place.
 D = Time resting spent in this place.
 E = Time spent auto-exploring this place.
 F = Levels seen in this place.
 G = Mean time per level.
                   A        B        C        D        E       F      G
               +--------+--------+--------+--------+--------+-----+--------+
         Total |   1525 |   1486 |     39 |      0 |   1200 |   3 |  508.3 |
       Dungeon |   1525 |   1486 |     39 |      0 |   1200 |   3 |  508.3 |
               +--------+--------+--------+--------+--------+-----+--------+

Top non-repeatable levels by time:
     D:1: 764 daAuts
     D:2: 614 daAuts
     D:3: 146 daAuts
